 Dungeon Crawl Stone Soup version 0.14.0-7-g2801ba0 (webtiles) character file.

370 Sabsy the Cudgeler (level 6, -1/56 HPs)
             Began as a Minotaur Chaos Knight on Apr 12, 2014.
             Was a Plaything of Xom.
             Slain by a wight
             ... wielding a cursed +1,+2 long sword
              (3 damage)
             ... on Level 4 of the Dungeon.
             The game lasted 00:15:13 (2814 turns).

Sabsy the Cudgeler (Minotaur Chaos Knight)          Turns: 2814, Time: 00:15:13

HP  -1/56        AC  6     Str 19      XL: 6   Next:  4%
MP   3/3         EV 11     Int  9      God: Xom
Gold 93          SH  0     Dex  9      Spells:  0 memorised,  5 levels left

rFire  . . .     SeeInvis .     a - +0 mace (chaos)
rCold  . . .     Clarity  .     b - +2 leather armour
rNeg   + . .     Conserve .     (no shield)
rPois  .         rCorr    .     (helmet restricted)
rElec  .         rRot     .     (no cloak)
SustAb . .       Spirit   .     n - +0 pair of gloves
rMut   .         Warding  +     (no boots)
Saprov . . .     Stasis   .     k - amulet of warding {unknown}
MR     .....                    (no ring)
                                (no ring)

@: not resistant to hostile enchantments, very unstealthy
A: retaliatory headbutt, horns 2
a: Renounce Religion


You were on level 4 of the Dungeon.
You worshipped Xom.
You were a plaything of Xom.
You were not hungry.

You visited 1 branch of the dungeon, and saw 4 of its levels.

You collected 93 gold pieces.

Inventory:

Hand weapons
 a - a +0,+0 mace of chaos (weapon)
 q - a +0,+2 whip of pain
Missiles
 v - 2 needles of paralysis
Armour
 b - a +2 leather armour (worn)
 n - a +0 pair of gloves (worn)
Magical devices
 w - a wand of fireball (3)
 D - a wand of cold (2)
Comestibles
 c - 2 bread rations
 h - 2 apricots
 j - 9 sultanas
 l - a meat ration
 z - a lychee
Scrolls
 f - a scroll of noise {unknown}
 g - a scroll of fear {unknown}
 i - 4 scrolls of identify {unknown}
 r - a scroll of teleportation {unknown}
 t - a scroll of random uselessness
 u - a scroll of remove curse
 x - a scroll of enchant weapon II {unknown}
 y - a scroll of blinking {unknown}
 A - a scroll of enchant armour {unknown}
 B - a scroll of immolation {unknown}
Jewellery
 k - an amulet of warding (around neck) {unknown}
Potions
 d - 3 potions of heal wounds {unknown}
 e - a potion of haste {unknown}
 o - a potion of poison {unknown}
 p - 3 potions of curing
 s - a potion of mutation {unknown}


   Skills:
 + Level 5.1 Fighting
 + Level 5.2 Maces & Flails
 + Level 4.4 Armour
 + Level 3.0 Dodging


You had 5 spell levels left.
You didn't know any spells.

Dungeon Overview and Level Annotations

Branches:
Dungeon (4/15)
 Temple: D:4-7

Altars:
Fedhas
Kikubaaqudgha


Innate Abilities, Weirdness & Mutations

You reflexively headbutt those who attack you in melee.
You have a pair of horns on your head.


Message History

As you read the scroll labeled ESEHIL UVYUTH, it crumbles to dust.
You feel blessed for a moment.
It was a scroll of remove curse.
The wight hits you but does no damage.
Read which item? (? for menu, Esc to quit)
As you read the scroll labeled OWIFRA NAXU, it crumbles to dust.
The scroll dissolves into smoke.
It was a scroll of fog.
The wight closely misses you.
The wight hits you with a glowing spear.
* * * LOW HITPOINT WARNING * * *
The wight hits you from afar with a spear of freezing.
* * * LOW HITPOINT WARNING * * *
The wight freezes you.
* * * LOW HITPOINT WARNING * * *
Read which item? (? for menu, Esc to quit)
As you read the scroll labeled PIPPASH BALULY, it crumbles to dust.
Your +0,+0 mace of chaos glows dark rubric for a moment.
It was a scroll of random uselessness.
The wight barely misses you.
The wight hits you with a runed long sword.
You die...
Xom chuckles heartily!

#.##.........#
#.##..##.###># #.#...##.#
#.# ###........###.####
#.......##....z...#
#######.####.###z###.##.#
>.......# #.# #z# #.##(#
.######## #.# #z# #z...#
.# ##'###@######.# .#
##...##§zz.....# .###
##.....########.# .#.##
##.......## ##..#
....####.........####...##
.......'.........'.......#
....####.........####...##
.#..###.##......## ##..#
....##...##....## ##.#


You could see 4 wights.

Vanquished Creatures
  A hound (D:4)
  A centaur skeleton (D:4)
  An orc wizard (D:4)
  A worker ant (D:4)
  6 adders
  2 worms
  2 orcs
  2 ball pythons (D:3)
  11 bats
  3 giant cockroaches
  10 hobgoblins
  10 jackals
  13 kobolds
  7 giant geckos
  6 giant newts
  3 goblins
  11 rats
90 creatures vanquished.

Vanquished Creatures (others)
  An orc wizard (D:4)
1 creature vanquished.

Grand Total: 91 creatures vanquished

Notes
Turn   | Place    | Note
--------------------------------------------------------------
     0 | D:1      | Sabsy, the Minotaur Chaos Knight, began the quest for the Orb.
     0 | D:1      | Reached XP level 1. HP: 19/19 MP: 1/1
    38 | D:1      | XOM: harmless Conj miscast
   357 | D:1      | Reached XP level 2. HP: 27/27 MP: 1/1
   428 | D:1      | Reached skill level 4 in Maces & Flails
   552 | D:1      | XOM: silly message
   661 | D:2      | Reached XP level 3. HP: 33/33 MP: 2/2
   816 | D:2      | Reached XP level 4. HP: 28/41 MP: 2/2
  1129 | D:2      | Found a blossoming altar of Fedhas.
  1613 | D:3      | XOM: mild Tloc miscast
  1694 | D:3      | Reached XP level 5. HP: 37/47 MP: 2/2
  1934 | D:4      | Reached skill level 5 in Maces & Flails
  2154 | D:4      | XOM: silly message
  2196 | D:4      | XOM: harmless Pois miscast
  2211 | D:4      | Reached skill level 5 in Fighting
  2231 | D:4      | XOM: harmless Hex miscast
  2254 | D:4      | Found an ancient bone altar of Kikubaaqudgha.
  2307 | D:4      | XOM: silly message
  2489 | D:4      | Reached XP level 6. HP: 50/56 MP: 3/3
  2813 | D:4      | HP: 2/56 [wight/spear of freezing (1)]
  2814 | D:4      | Slain by a wight

Action                   |  1- 3 |  4- 6 || total
-------------------------+-------+-------++-------
Melee: Mace              |    65 |   158 ||   223
       Whip              |       |     2 ||     2
Evoke: Wand              |       |     2 ||     2
  Use: Potion            |       |     2 ||     2
       Scroll            |       |     3 ||     3
